 Dungeon Crawl Stone Soup version 0.30.2 (webtiles) character file.

Game seed: 5291260606274495660

18957 Gogs the Brawler (level 12, -1/126 HPs)
             Began as a Troll Berserker on Sept 28, 2023.
             Was a High Priest of Trog.
             Slain by a death yak (10 damage)
             ... in a Gauntlet on Jan 19, 2024.
             The game lasted 00:44:21 (10255 turns).

Gogs the Brawler (Troll Berserker)                 Turns: 10255, Time: 00:44:22

Health: -1/126     AC: 15    Str: 32    XL:     12   Next: 32%
Magic:  11/11      EV:  9    Int:  6    God:    Trog [*****.]
Gold:   591        SH:  8    Dex:  9    Spells: 11/11 levels left

rFire   . .          .
                       - Unarmed
rCold   . . .        J - +0 kite shield {AC+3}
rNeg    . . .        a - +0 animal skin
rPois   +            T - +1 hat {Int+3}
rElec   .            s - +2 cloak
rCorr   .            (gloves unavailable)
SInv    .            (boots unavailable)
Will    ++...        g - amulet of regeneration
Stlth   +            M - +4 ring of protection
HPRegen 3.01/turn    C - ring of poison resistance
MPRegen 0.12/turn

%: no teleportation
@: mighty, strong-willed, on berserk cooldown, regenerating, slowed, very slow
A: large, unfitting armour, claws 3, regeneration 1, shaggy fur 1, tough skin 1
a: Renounce Religion, Berserk, Trog's Hand, Brothers in Arms


You were in a Gauntlet.
You worshipped Trog.
Trog was extremely pleased with you.
You visited 3 branches of the dungeon, and saw 14 of its levels.
You also visited: Gauntlet.

You collected 663 gold pieces.
You spent 72 gold pieces at shops.

Inventory:

Hand Weapons
 b - a +2 morningstar of protection
 i - a +0 sling
 D - a +0 shortbow
Missiles
 c - 71 stones (quivered)
 n - 28 poisoned darts
 o - 3 atropa-tipped darts
 z - 4 javelins
 E - 9 boomerangs
 F - 2 throwing nets
Armour
 a - a +0 animal skin (worn)
 s - a +2 cloak (worn)
 J - a +0 kite shield of protection (worn)
 T - a +1 hat of intelligence (worn)
Jewellery
 g - an amulet of regeneration (around neck)
 C - a ring of poison resistance (right claw)
 M - a +4 ring of protection (left claw)
Wands
 f - a wand of polymorph (7)
 k - a wand of flame (32)
 y - a wand of paralysis (11)
 P - a wand of iceblast (8)
Scrolls
 j - 2 scrolls of immolation
 v - 7 scrolls of teleportation
 L - a scroll of poison
 O - a scroll of fear
 Q - a scroll of enchant weapon
 R - a scroll of blinking {unknown}
 U - 2 scrolls of silence
Potions
 d - 3 potions of berserk rage
 e - 4 potions of curing
 h - 3 potions of heal wounds
 l - 2 potions of invisibility
 m - 2 potions of mutation
 p - 5 potions of flight
 r - a potion of attraction
 w - 2 potions of lignification {unknown}
 x - 3 potions of brilliance {unknown}
 A - 3 potions of might
 B - a potion of haste {unknown}
 I - a potion of magic {unknown}


   Skills:
 + Level 9.8 Fighting
 - Level 2.0 Maces & Flails
 - Level 2.0 Armour
 - Level 3.0 Dodging
 - Level 5.0 Shields
 * Level 18.3 Unarmed Combat


You had 11 spell levels left.
You didn't know any spells.
Your spell library was empty.

Dungeon Overview and Level Annotations

Branches:
Dungeon (11/15)            Temple (1/1) D:7            Lair (2/5) D:8
    Orc (0/2) D:9         Gauntlet (1/1)
  Swamp: Lair:2-3    Shoals: Lair:2-3     Snake: Lair:2-3    Spider: Lair:2-3

Altars:
Ashenzari
Cheibriados
Dithmenos
Elyvilon
Fedhas
Gozag
Hepliaklqana
Kikubaaqudgha
Makhleb
Nemelex Xobeh
Okawaru
Qazlal
Ru
Sif Muna
Trog
Uskayaw
Vehumet
Wu Jian
Xom
Yredelemnul
Zin
The Shining One

Shops:
D:3 :   D:8 *   D:9 (

Annotations:
D:11 Sonja Gauntlet 11 transporters, exclusion: oklob plant


Innate Abilities, Weirdness & Mutations

You are too large for most types of armour.
You have claws for hands.
Your natural rate of healing is unusually fast.
You are covered in fur. (AC +1)
You have tough skin. (AC +1)


Message History

You feel as though you will be slow longer.
The death yak gores you! The death yak gores you.
You block the torpor snail's attack.
You claw the death yak!
The death yak is severely wounded.
The death yak gores you but does no damage.
You block the death yak's attack.
You mangle the death yak!!
You kill the death yak!
Trog accepts your kill. The torpor snail bites you! The death yak gores you!
* * * LOW HITPOINT WARNING * * *
You feel much better. The death yak barely misses you.
The torpor snail bites you but does no damage.
The death yak gores you!!
You mangle the death yak!!
The death yak is moderately wounded.
The death yak gores you!!
* * * LOW HITPOINT WARNING * * *
You block the death yak's attack. The torpor snail bites you.
* * * LOW HITPOINT WARNING * * *
Okay, then.
Okay, then.
You feel much better. You block the death yak's attack.
The death yak gores you!!
* * * LOW HITPOINT WARNING * * *
The torpor snail briefly extends its eye-stalks.
The torpor snail bites you!
* * * LOW HITPOINT WARNING * * *
The death yak gores you!
* * * LOW HITPOINT WARNING * * *
The death yak completely misses you.
You feel very mighty all of a sudden.
The death yak gores you but does no damage.
The death yak completely misses you. The torpor snail barely misses you.
You claw the death yak!
The death yak is heavily wounded.
The death yak gores you but does no damage.
The death yak gores you!
You die...

########################
......................≈###
.....................§§#8#
#######...###########..##
.####5#.8.##.......##..#
.##.#.#...#Y#.....#.#..###
.#5#.######YY#...#..#..#8#
##p^..#...#=..#.#w..#..###
#^#.###©.©#©...#@Y..#©.#
#..#.##...#)..#.#Y..#..###
..5##.#####..#...#..#..#8#
p#.p#p#...#.#....Y#.#..###
##555##...##.......##..#
#######..§###########..###
........§.............§#8#
.......≈8§........∩...∩###
........§§............≈#


You could see 2 death yaks and a torpor snail.

Vanquished Creatures
  Gastronok (Lair:1)
  Fannar (Lair:2)
  A catoblepas (Lair:1)
  2 boulder beetles
  4 death yaks (Gauntlet)
  A two-headed ogre (D:10)
  Pikel (D:6)
  8 cane toads (Lair:1)
  A gargoyle (D:9)
  A torpor snail (Lair:1)
  6 komodo dragons
  2 kobold demonologists (D:9)
  2 trolls
  2 polar bears (Lair:2)
  4 dream sheep (Lair:1)
  Sigmund (D:3)
  A shadow (D:10)
  3 wyverns
  4 yaks (Lair:1)
  A basilisk (D:8)
  A steam dragon (D:8)
  A water moccasin (D:8)
  4 black bears
  6 orc warriors
  Duvessa (D:4)
  An ice beast (D:6)
  An ogre (D:6)
  2 wolves (Lair:1)
  3 centaurs
  4 lemures (D:6)
  A bullfrog (Lair:1)
  2 gnoll sergeants
  4 scorpions
  3 wights (D:8)
  Dowan (D:4)
  5 killer bees (D:9)
  4 howler monkeys
  5 hounds
  7 orc priests
  3 jellies
  Crazy Yiuf (D:2)
  2 gnoll boudas (D:7)
  Ijyb (D:3)
  5 iguanas
  17 orc wizards
  Natasha (thrice) (D:4)
  Robin (D:3)
  18 gnolls
  3 adders
  A white imp (D:7)
  An ufetubus (D:5)
  A worm (D:3)
  4 dart slugs
  44 orcs
  8 bats
  11 endoplasms
  15 goblins
  13 hobgoblins
  3 jackals (D:2)
  6 kobolds
  3 quokkas (D:2)
  4 ball pythons
  5 frilled lizards
  5 rats
281 creatures vanquished.

Vanquished Creatures (others)
  2 orcs (D:10)
  A kobold (D:9)
3 creatures vanquished.

Grand Total: 284 creatures vanquished

Notes
Turn   | Place    | Note
-------+----------+-------------------------------------------
     0 | D:1      | Gogs the Troll Berserker began the quest for the Orb.
     0 | D:1      | Reached XP level 1. HP: 22/22 MP: 0/0
   154 | D:1      | Reached XP level 2. HP: 29/29 MP: 1/1
   253 | D:1      | You fall into a shaft and drop 1 floor!
   566 | D:1      | Reached ** piety under Trog
   606 | D:1      | Reached XP level 3. HP: 36/36 MP: 2/2
   925 | D:2      | Reached skill level 4 in Unarmed Combat
  1173 | D:2      | Reached XP level 4. HP: 45/45 MP: 3/3
  1358 | D:2      | Found a runed translucent door.
  1359 | D:2      | Noticed Crazy Yiuf
  1365 | D:2      | Killed Crazy Yiuf
  1366 | D:2      | Reached skill level 5 in Unarmed Combat
  1448 | D:3      | Found Jof Xeemp's Book Shoppe.
  1567 | D:3      | Noticed Sigmund
  1573 | D:3      | Found a broken altar of Ashenzari.
  1578 | D:3      | Noticed Ijyb
  1586 | D:3      | Killed Ijyb
  1755 | D:3      | Reached XP level 5. HP: 48/53 MP: 4/4
  1829 | D:3      | Reached *** piety under Trog
  1840 | D:3      | Reached skill level 6 in Unarmed Combat
  1866 | D:3      | Noticed Robin
  1868 | D:3      | Killed Robin
  2083 | D:3      | Killed Sigmund
  2084 | D:3      | Reached skill level 7 in Unarmed Combat
  2084 | D:3      | Reached XP level 6. HP: 62/62 MP: 5/5
  2506 | D:4      | Found a bloodstained altar of Trog.
  2537 | D:4      | Noticed Natasha
  2553 | D:4      | Killed Natasha
  2616 | D:4      | Reached skill level 8 in Unarmed Combat
  2717 | D:4      | Noticed Natasha
  2724 | D:4      | Killed Natasha
  2873 | D:4      | Noticed Dowan
  2874 | D:4      | Noticed Duvessa
  2879 | D:4      | Killed Duvessa
  2880 | D:4      | Reached XP level 7. HP: 61/71 MP: 6/6
  2884 | D:4      | Reached skill level 9 in Unarmed Combat
  2892 | D:4      | Killed Dowan
  3115 | D:4      | Noticed Natasha
  3118 | D:4      | Killed Natasha
  3228 | D:5      | Entered Level 5 of the Dungeon
  3347 | D:5      | Reached skill level 10 in Unarmed Combat
  3496 | D:5      | Reached **** piety under Trog
  3570 | D:5      | Reached skill level 5 in Fighting
  3570 | D:5      | Reached XP level 8. HP: 79/80 MP: 7/7
  3699 | D:6      | Reached skill level 11 in Unarmed Combat
  3833 | D:6      | Reached skill level 12 in Unarmed Combat
  3985 | D:6      | Noticed Pikel
  4012 | D:6      | Killed Pikel
  4013 | D:6      | Reached skill level 13 in Unarmed Combat
  4013 | D:6      | Reached XP level 9. HP: 57/89 MP: 8/8
  4208 | D:6      | Reached skill level 14 in Unarmed Combat
  4355 | D:7      | Found a staircase to the Ecumenical Temple.
  4368 | D:7      | Reached skill level 1 in Maces & Flails
  4432 | D:7      | Reached skill level 1 in Armour
  4536 | D:7      | Reached ***** piety under Trog
  4585 | D:7      | Found a sacrificial altar of Ru.
  4585 | D:7      | Found a shadowy altar of Dithmenos.
  4592 | D:7      | Found an opulent altar of Gozag.
  4592 | D:7      | Found a stormy altar of Qazlal.
  5104 | Temple   | Entered the Ecumenical Temple
  5477 | D:8      | Found an ornate altar of the Wu Jian Council.
  5479 | D:8      | Reached skill level 1 in Shields
  5569 | D:8      | Found Efeyvuc's Assorted Antiques.
  5576 | D:8      | Bought a scroll labelled COPRAA CY KOSS for 24 gold pieces
  5976 | D:8      | Noticed a komodo dragon
  5977 | D:8      | Noticed a komodo dragon
  5981 | D:8      | Killed a komodo dragon
  5986 | D:8      | Killed a komodo dragon
  5990 | D:8      | Reached XP level 10. HP: 48/100 MP: 9/9
  6047 | D:8      | Found a staircase to the Lair.
  6425 | D:8      | Received a gift from Trog
  6764 | D:8      | Bought a scroll of identify for 48 gold pieces
  6875 | D:9      | Reached skill level 15 in Unarmed Combat
  7299 | D:9      | Found a staircase to the Orcish Mines.
  7316 | D:9      | Found Huybrekh's Weapon Emporium.
  7543 | D:9      | Noticed a gargoyle
  7547 | D:9      | Killed a gargoyle
  7950 | D:9      | Upgraded the game from 0.30.1-9-gdf580d7c3d to
                  | 0.30.1-11-g7821555f0a
  7963 | D:10     | Entered Level 10 of the Dungeon
  8270 | D:10     | Reached skill level 5 in Shields
  8310 | D:10     | Found a snail-covered altar of Cheibriados.
  8515 | D:10     | Noticed a two-headed ogre
  8525 | D:10     | Killed a two-headed ogre
  8719 | D:10     | Upgraded the game from 0.30.1-11-g7821555f0a to 0.30.2
  8733 | D:11     | Noticed Sonja
  8778 | D:11     | Noticed a boulder beetle
  8787 | D:11     | Killed a boulder beetle
  8788 | D:11     | Reached skill level 16 in Unarmed Combat
  8788 | D:11     | Reached XP level 11. HP: 111/111 MP: 10/10
  8908 | D:11     | Noticed a skeletal warrior
  9020 | Lair:1   | Entered Level 1 of the Lair of Beasts
  9274 | Lair:1   | Noticed a catoblepas
  9278 | Lair:1   | Killed a catoblepas
  9302 | Lair:1   | Reached skill level 17 in Unarmed Combat
  9400 | Lair:1   | Noticed Gastronok
  9418 | Lair:1   | Killed Gastronok
  9795 | Lair:2   | Noticed Fannar
  9802 | Lair:2   | Killed Fannar
  9803 | Lair:2   | Reached XP level 12. HP: 124/124 MP: 11/11
  9851 | Lair:2   | Noticed a boulder beetle
  9859 | Lair:2   | Killed a boulder beetle
  9906 | Lair:2   | Found a gate leading to a gauntlet.
  9924 | Gauntlet | Entered a Gauntlet
  9924 | Gauntlet | Noticed a death yak
  9924 | Gauntlet | Found a transporter.
  9924 | Gauntlet | Found a transporter.
  9925 | Gauntlet | Noticed a death yak
  9925 | Gauntlet | Noticed a death yak
  9926 | Gauntlet | Noticed a death yak
  9926 | Gauntlet | Noticed a death yak
  9932 | Gauntlet | Noticed a death yak
  9940 | Gauntlet | Found a transporter.
  9944 | Gauntlet | Found a transporter.
  9954 | Gauntlet | Found a transporter.
  9971 | Gauntlet | Noticed a death scarab
  9986 | Gauntlet | Found a transporter.
  9992 | Gauntlet | Found a transporter.
 10023 | Gauntlet | Found a transporter.
 10034 | Gauntlet | Found a transporter.
 10052 | Gauntlet | Found a transporter.
 10060 | Gauntlet | Found a transporter.
 10078 | Gauntlet | Found a transporter.
 10238 | Gauntlet | Killed a death yak
 10239 | Gauntlet | Reached skill level 18 in Unarmed Combat
 10240 | Gauntlet | Killed a death yak
 10243 | Gauntlet | Killed a death yak
 10250 | Gauntlet | Killed a death yak
 10253 | Gauntlet | HP: 2/126 [death yak (15)]
 10255 | Gauntlet | Slain by a death yak

Illustrated notes

Levels and vault maps discovered:
D:1:      ncdulo_wetmaze, layout_loops_ring, serial_bayou_pond_b
D:2:      kennysheep_big_flooded_room, layout_rooms, serial_bayou_lagoon_b,
          uniq_crazy_yiuf_cottage
D:3:      layout_rooms, general_overflow_altar, serial_shops, shop,
          minmay_misc_feat_pillars, fountainhead, uniq_robin, uniq_ijyb,
          uniq_sigmund
D:4:      layout_basic, bloody_trog, uniq_duvessa, uniq_natasha
D:5:      layout_cave_pools
D:6:      layout_basic, uniq_pikel
D:7:      layout_loops_ring, grunt_temple_overflow_cloverleaf,
          minmay_temple_entry_mini_moons
D:8:      layout_layer_cave, nicolae_wu_jian_wuxing_cycle, erik_lair_dragon,
          serial_shops, shop_fountains
D:9:      layout_layer_cave, orc_david_3
D:10:     layout_long_grid, mainiacjoe_overflow_catwalk
D:11:     layout_roguey [special_room_orc], portal_ice_cave_entry_imps,
          uniq_maurice, uniq_sonja, uniq_erolcha
Temple:   minmay_temple_curvy_branch
Lair:1:   layout_loops_ring, beast_lair_carwin_10, infiniplex_staircase_pool_2,
          uniq_gastronok
Lair:2:   layout_regular_city, gauntlet_entry_generic, gammafunk_ghost_arena,
          cheibrodos_lair_lostbears, uniq_fannar, uniq_harold
Gauntlet: gammafunk_gauntlet_shortcut [nicolae_gauntlet_arena_x,
          gammafunk_gauntlet_arena_mazey, gammafunk_gauntlet_arena_chambers,
          nicolae_gauntlet_arena_blocks, nicolae_gauntlet_arena_flowing_pool,
          gammafunk_gauntlet_arena_spirals,
          nicolae_gauntlet_exit_dead_adventurers]

Skill      XL: |  1  2  3  4  5  6  7  8  9 10 11 12 |
---------------+-------------------------------------+-----
Unarmed Combat | 4 5 7 8 10 13 14 16 17 18 | 18.3
Fighting       | 3 4 5 6 7 9 |  9.8
Maces & Flails | 2 |  2.0
Armour         | 2 |  2.0
Dodging        | 3 |  3.0
Shields        | 3 5 |  5.0

Action                     |  1- 3 |  4- 6 |  7- 9 | 10-12 || total
---------------------------+-------+-------+-------+-------++-------
  Melee: Unarmed           |   124 |   123 |   207 |   284 ||   738
         Punch             |     1 |     6 |     6 |       ||    13
 Invoke: Berserk           |       |     2 |     1 |     2 ||     5
         Trog's Hand       |       |       |     1 |     3 ||     4
    Use: Scroll            |       |    15 |     8 |     3 ||    26
         Potion            |       |       |       |     3 ||     3
   Stab: Sleeping          |     1 |       |       |       ||     1
 Armour: Animal skin       |    39 |    39 |    51 |   136 ||   265
         Skin              |       |     2 |       |       ||     2
  Dodge: Dodged            |    62 |    53 |    69 |   106 ||   290
  Block: Kite shield       |       |       |     6 |   104 ||   110
